 Dungeon Crawl Stone Soup version 0.30-a0-1066-g63dfefce0d (webtiles) character file.

Game seed: 9360144064792608144

35 PimpSugar the Magician (level 3, -2/27 HPs)
             Began as a Djinni Hedge Wizard on Apr 12, 2023.
             Killed from afar by Sigmund (5 damage)
             ... with a magic dart
             ... on level 2 of the Dungeon.
             The game lasted 00:03:01 (1482 turns).

PimpSugar the Magician (Djinni Hedge Wizard)        Turns: 1482, Time: 00:03:01

Health: -2/27      AC:  2    Str:  9    XL:     3   Next: 52%
Gold:   63         EV: 12    Int: 17    God:
                   SH:  0    Dex: 12

rFire   + + .      SeeInvis .    a - +0 dagger
rCold   x . .      Faith    .    (no shield)
rNeg    . . .      Spirit   .    b - +0 robe
rPois   ∞          Reflect  .    c - +0 hat
rElec   .          Rampage  .    (no cloak)
rCorr   .                        (no gloves)
Will    .....                    (boots unavailable)
Stlth   ++                       (no amulet)
HPRegen 0.24/turn                (no ring)
MPRegen 0.00/turn                (no ring)

@: flying
A: sickness immunity, fire resistance 2, cold vulnerability 1, float, innate
caster, HP casting, extra vitality 1
a: no special abilities


You were on level 2 of the Dungeon.
You visited 1 branch of the dungeon, and saw 2 of its levels.

You collected 63 gold pieces.

Inventory:

Hand Weapons
 a - a +0 dagger (weapon)
Missiles
 d - 68 stones
 h - 6 boomerangs
 l - 2 poisoned darts
Armour
 b - a +0 robe (worn)
 c - a +0 hat (worn)
Scrolls
 f - a scroll of teleportation {unknown}
 g - 2 scrolls of identify {unknown}
 k - a scroll of poison {unknown}
Potions
 e - 2 potions of curing {unknown}
 i - a potion of attraction {unknown}
 j - a potion of degeneration {unknown}


   Skills:
 + Level 1.0 Fighting
 + Level 2.6 Dodging
 + Level 2.0 Stealth
 * Level 2.8 Spellcasting


You knew the following spells:

 Your Spells              Type           Power      Damage    Failure   Level
a - Magic Dart            Conj           48%        1d5       5%          1
b - Call Imp              Summ           24%        N/A       9%          2
c - Mephitic Cloud        Conj/Pois/Air  12%        N/A       16%         3
d - Slow                  Hex            48%        N/A       5%          1
e - Blink                 Tloc           24%        N/A       9%          2
f - Sandblast             Erth           24%        2d8       5%          1
Your spell library was empty.

Dungeon Overview and Level Annotations

Branches:
Dungeon (2/15)

Altars:

Annotations:
D:2 Sigmund


Innate Abilities, Weirdness & Mutations

You are immune to sickness and miasma.
You are immune to poison.
Your flesh is very heat resistant. (rF++)
You are vulnerable to cold. (rC-)
You float through the air rather than walking.
You learn spells naturally, not from books.
Your magical power is your life essence.
You have superior vitality. (+4 MHP)


Message History

Confirm with . or Enter, or press ? or * to list all spells.
Aiming: Sandblast (safe; 5% risk of failure)
Press: ? - help, Shift-Dir - straight line, f/p - giant cockroach
Aim: a giant cockroach (severely wounded, 82% to hit)
The blast of sand hits the giant cockroach!
You kill the giant cockroach!
Sigmund casts a spell at you.
The puff of flame misses your cerulean imp.
The puff of flame hits you. You resist.
Casting: Sandblast (safe; 5% risk of failure)
Confirm with . or Enter, or press ? or * to list all spells.
Aiming: Slow (safe; 5% risk of failure)
Press: ? - help, Shift-Dir - straight line, f - Sigmund
Aim: Sigmund, wielding a +2 scythe of flaming, wearing a +0 robe and carrying a wand of quicksilver (1) (ally target, chance to affect: 54%) Sigmund seems to slow down.
Your cerulean imp hits Sigmund but does no damage.
Sigmund zaps a wand.
The bolt of dispelling energy hits your cerulean imp.
The bolt of dispelling energy hits you!
Ouch! That really hurt!
* * * LOW HITPOINT WARNING * * *
The now-empty wand crumbles to dust.
Unknown command.
Your cerulean imp hits Sigmund from afar with a -2 spear.
Casting: Slow (safe; 5% risk of failure)
Confirm with . or Enter, or press ? or * to list all spells.
Aiming: Sandblast (safe; 5% risk of failure)
Press: ? - help, Shift-Dir - straight line, f/p - Sigmund
Aim: Sigmund, wielding a +2 scythe of flaming and wearing a +0 robe (lightly wounded, slow, ally target, 80% to hit)
The blast of sand hits Sigmund!
Sigmund is severely wounded.
* * * LOW HITPOINT WARNING * * *
Your cerulean imp hits Sigmund but does no damage.
Sigmund hits your cerulean imp from afar with a +2 scythe of flaming!
Sigmund burns your cerulean imp.
Your cerulean imp dies!
Your cerulean imp disappears in a puff of smoke!
Sigmund gestures at you while chanting. The magic dart hits you.
You die...

######
#.......#....
#.....#.####.
#.....# #.....#
###
#.....#...#..
#.....†......
#....##.##...
#######....#
........@####.#
.....)........#
......†...#####
...$......#
......§...#
..........#
......@..##
.........#
.........#


You could see Sigmund (slow).

Vanquished Creatures
  A dart slug (D:1)
  An endoplasm (D:1)
  3 giant cockroaches
  6 goblins
  2 hobgoblins
  3 ball pythons (D:1)
  4 bats
  4 frilled lizards
  2 kobolds
  4 rats
30 creatures vanquished.

Vanquished Creatures (collateral kills)
  A giant cockroach (D:1)
1 creature vanquished.

Grand Total: 31 creatures vanquished

Notes
Turn   | Place    | Note
-------+----------+-------------------------------------------
     0 | D:1      | PimpSugar the Djinni Hedge Wizard began the quest for the
                  | Orb.
     0 | D:1      | PimpSugar set off with the following spells memorised:
                  | Magic Dart, Slow, Blink, Call Imp, Mephitic Cloud.
     0 | D:1      | Reached XP level 1. HP: 15/15 MP: 0/0
   181 | D:1      | Reached XP level 2. HP: 8/22 MP: 0/0
   677 | D:1      | Reached XP level 3. HP: 17/26 MP: 0/0
   677 | D:1      | Learned a level 1 spell: Sandblast
  1359 | D:2      | Reached skill level 1 in Fighting
  1473 | D:2      | Noticed Sigmund
  1482 | D:2      | Killed from afar by Sigmund

Illustrated notes

Levels and vault maps discovered:
D:1:      minmay_arrival_shattered_statue, layout_loops_corners
D:2:      layout_basic, uniq_sigmund

Skill      XL: |  1  2  3 |
---------------+----------+-----
Fighting       | 1 |  1.0
Stealth        | 2 |  2.0
Dodging        | |  2.6
Spellcasting   | |  2.8

Action                     || total
---------------------------++-------
  Melee: Dagger            ||    55
         Punch             ||     1
   Cast: Magic Dart        ||    17
         Call Imp          ||     5
         Sandblast         ||    14
         Slow              ||     1
 Armour: Robe              ||    12
  Dodge: Dodged            ||    47

Table legend: (Time is in decaauts)
 A = Elapsed time spent in this place.
 B = Non-inter-level travel time spent in this place.
 C = Inter-level travel time spent in this place.
 D = Time resting spent in this place.
 E = Time spent auto-exploring this place.
 F = Levels seen in this place.
 G = Mean time per level.
                   A        B        C        D        E       F      G
               +--------+--------+--------+--------+--------+-----+--------+
         Total |   1488 |   1264 |    224 |      0 |    935 |   2 |  744.0 |
       Dungeon |   1488 |   1264 |    224 |      0 |    935 |   2 |  744.0 |
               +--------+--------+--------+--------+--------+-----+--------+

Top non-repeatable levels by time:
     D:1: 1306 daAuts
     D:2: 182 daAuts
